[Event "Titled Tuesday Blitz August 1 Early 2023"]
[White "Balla, Tamas-Kristof"]
[Black "Thiel, Thomas"]
[WhiteFideId "1208497"]
[BlackFideId "4615964"]
[WhiteElo "2415"]
[BlackElo "2255"]
[Result "0-1"]
[Round "8"]
[TimeControl "180+1"]
[Date "2023.08.01"]
[WhiteClock "0:00:07"]
[BlackClock "0:00:08"]
[Board "171"]

1. e4 d5 2. exd5 Nf6 3. d4 Nxd5 4. c4 Nb6 5. Nf3 g6 6. Nc3 Bg7 7. Be3 O-O 8. h3 Nc6 9. Be2 Re8 10. O-O e5 11. d5 Ne7 12. Qd2 Nf5 13. Rfd1 Nxe3 14. Qxe3 Nd7 15. Rac1 Qe7 16. Ne4 Qb4 17. a3 Qxb2 18. Rb1 Qc2 19. Rb4 f5 20. Nc3 f4 21. Qe4 Qxe4 22. Nxe4 Nf6 23. Nxf6+ Bxf6 24. d6 cxd6 25. Rb2 e4 26. Nd4 e3 27. fxe3 Rxe3 28. Bf3 Rxa3 29. Rbb1 Ra4 30. Nb5 Be5 31. Nxd6 Bxd6 32. Rxd6 Kf8 33. Rd5 Rxc4 34. Re5 Rb8 35. Rd1 Bf5 36. Bd5 Rc7 37. Rde1 Rd8 38. Bb3 f3 39. gxf3 Bxh3 40. Be6 Bxe6 41. Rxe6 Rdd7 42. Re8+ Kf7 43. R8e4 Re7 44. Rf4+ Kg7 45. Rd1 Rf7 46. Rfd4 Rxf3 47. Kg2 Rff7 48. Rd6 Rfe7 49. R6d4 b5 50. Rd5 Rb7 51. Rd6 a5 52. Rb1 a4 53. Rd3 b4 54. Rd4 a3 55. Rdxb4 Rxb4 56. Rxb4 Ra7 57. Rb1 a2 58. Ra1 Kf6 59. Kg3 Ke5 60. Kg2 Kd4 61. Kf2 Kc3 62. Rc1+ Kb2 0-1


[Site "https://www.chess.com"]

[Event "Titled Tuesday Blitz August 1 Early 2023"]
[White "Quirke, Jeffrey"]
[Black "Avazkhonov, Alikhon"]
[WhiteFideId "2013029"]
[BlackFideId "14208504"]
[WhiteElo "2242"]
[BlackElo "2410"]
[Result "0-1"]
[Round "8"]
[TimeControl "180+1"]
[Date "2023.08.01"]
[WhiteClock "0:00:05"]
[BlackClock "0:00:28"]
[Board "172"]

1. c4 e5 2. g3 d6 3. Bg2 f5 4. d4 Be7 5. Nc3 Nf6 6. dxe5 dxe5 7. Qxd8+ Bxd8 8. b3 O-O 9. Bb2 Re8 10. Nf3 Nc6 11. O-O e4 12. Nd2 Ne5 13. Nd5 c6 14. Nxf6+ Bxf6 15. Bxe5 Bxe5 16. Rad1 Be6 17. e3 Rad8 18. Nb1 Rd3 19. Rxd3 exd3 20. Rd1 Rd8 21. Bf1 b5 22. Rxd3 Rxd3 23. Bxd3 a6 24. f4 Bf6 25. Kf2 Kf7 26. Ke2 Ke7 27. Kd2 Kd6 28. Nc3 Kc5 29. cxb5 axb5 30. Ne2 Kb4 31. Kc2 c5 32. Kb1 c4 33. bxc4 bxc4 34. Bc2 c3 35. e4 fxe4 36. Bxe4 Ka3 37. Bxh7 Bxa2+ 38. Kc2 Bb3+ 39. Kc1 Bc4 40. Nxc3 Bxc3 41. g4 Kb4 42. h4 Kc5 43. g5 Kd6 44. h5 Be1 45. h6 gxh6 46. gxh6 Bg3 47. Bg6 Bxf4+ 48. Kc2 Bxh6 49. Kc3 Bd5 50. Kc2 Kc5 51. Bd3 Kd4 52. Bh7 Bc4 53. Bg6 Be3 54. Bh7 Bb5 55. Bg6 Ba4+ 56. Kb2 Kc4 57. Ka3 Bd1 58. Bf7+ Kc3 59. Bg6 Bb3 60. Bf5 Bc5# 0-1


[Site "https://www.chess.com"]

[Event "Titled Tuesday Blitz August 1 Early 2023"]
[White "Vidruska, Renate"]
[Black "KorolDimitriy75"]
[WhiteFideId "11601841"]
[WhiteElo "2232"]
[BlackElo "2394"]
[Result "1-0"]
[Round "8"]
[TimeControl "180+1"]
[Date "2023.08.01"]
[WhiteClock "0:00:18"]
[BlackClock "0:00:00"]
[Board "173"]

1. e4 c5 2. Nf3 d6 3. d4 cxd4 4. Nxd4 Nf6 5. Nc3 g6 6. g3 Nc6 7. Bg2 Nxd4 8. Qxd4 Bg7 9. O-O O-O 10. Bg5 Be6 11. Qd2 Qa5 12. a3 Rab8 13. Bh6 Rfc8 14. Bxg7 Kxg7 15. Rfc1 b5 16. Qd3 Qb6 17. Nd5 Bxd5 18. exd5 a5 19. Re1 Rc7 20. c3 b4 21. cxb4 axb4 22. a4 Ra8 23. b3 Rc3 24. Qd1 Ra7 25. h3 Qc5 26. Ra2 Rxg3 27. Rae2 Kf8 28. Kh2 Rc3 29. Qd2 Qc7 30. Qh6+ Kg8 31. Qg5 Qd8 32. h4 Kg7 33. h5 h6 34. Qd2 Rxb3 35. hxg6 fxg6 36. Qd4 Rc7 37. Re6 Kf7 38. Qf4 1-0


[Site "https://www.chess.com"]

[Event "Titled Tuesday Blitz August 1 Early 2023"]
[White "Tuleyeva-Aketayeva, Dana"]
[Black "Lopez Gracia, Fernando"]
[WhiteFideId "13701932"]
[BlackFideId "2207184"]
[WhiteElo "2231"]
[BlackElo "2352"]
[Result "1-0"]
[Round "8"]
[TimeControl "180+1"]
[Date "2023.08.01"]
[WhiteClock "0:00:23"]
[BlackClock "0:00:15"]
[Board "174"]

1. d4 Nf6 2. Nf3 d5 3. g3 c5 4. Bg2 Nc6 5. O-O e6 6. c4 dxc4 7. dxc5 Qxd1 8. Rxd1 Bxc5 9. Nbd2 c3 10. bxc3 O-O 11. Ne1 e5 12. Nd3 Bb6 13. Bxc6 bxc6 14. Nxe5 Re8 15. Ndc4 Ba6 16. e3 Nd5 17. Bd2 f6 18. Nxb6 fxe5 19. Nxa8 Rxa8 20. e4 Nf6 21. Be3 Nxe4 22. Rd7 Bc4 23. Bxa7 Nxc3 24. a4 Bd5 25. a5 Nb5 26. Bc5 Ra6 27. Rd8+ Kf7 28. Bb6 Ke7 29. Rb8 h6 30. Re1 e4 31. f3 Nc3 32. fxe4 Nxe4 33. Rf1 Ng5 34. Rff8 Nf3+ 35. Kf2 Nxh2 36. Bc5+ Kd7 37. Rb7+ Ke6 38. Re7# 1-0


[Site "https://www.chess.com"]

[Event "Titled Tuesday Blitz August 1 Early 2023"]
[White "Elissalt Cardenas, Hector"]
[Black "alfianasybullina"]
[WhiteFideId "3500632"]
[WhiteElo "2341"]
[BlackElo "2224"]
[Result "0-1"]
[Round "8"]
[TimeControl "180+1"]
[Date "2023.08.01"]
[WhiteClock "0:00:00"]
[BlackClock "0:00:05"]
[Board "175"]

1. d4 Nf6 2. c4 c5 3. d5 e6 4. Nc3 exd5 5. cxd5 d6 6. Nf3 g6 7. h3 Bg7 8. Bf4 O-O 9. e3 b6 10. Nd2 Ne8 11. Nc4 Ba6 12. a4 Bxc4 13. Bxc4 a6 14. O-O Nd7 15. Qd3 Qc8 16. Rab1 Ne5 17. Bxe5 Bxe5 18. b4 Nc7 19. bxc5 bxc5 20. Ne4 Qd7 21. Rb7 Rfb8 22. Rfb1 Rxb7 23. Rxb7 h6 24. Qb3 f5 25. Qb6 Rc8 26. Nxc5 dxc5 27. Qxg6+ Kf8 28. d6 Bxd6 29. Qxh6+ Ke7 30. Qg5+ Ke8 31. h4 Be7 32. Qg6+ Kd8 33. g3 Qe8 34. Qxf5 Qd7 35. Qg6 Qe8 36. Qd3+ Qd7 37. Qh7 Bf8 38. Qg8 Qe8 39. Qg5+ Qe7 40. Qf5 Qe8 41. Qe4 Qxe4 0-1


[Site "https://www.chess.com"]

[Event "Titled Tuesday Blitz August 1 Early 2023"]
[White "Bashirli, Saadat"]
[Black "hsd2016"]
[WhiteFideId "13429990"]
[WhiteElo "2339"]
[BlackElo "2230"]
[Result "1-0"]
[Round "8"]
[TimeControl "180+1"]
[Date "2023.08.01"]
[WhiteClock "0:00:05"]
[BlackClock "0:00:00"]
[Board "176"]

1. d4 d5 2. e3 c6 3. Bd3 Nf6 4. f4 Nbd7 5. Nf3 e6 6. Nbd2 a6 7. O-O b5 8. c3 c5 9. Ne5 c4 10. Bc2 Bb7 11. Rf3 Bd6 12. Rh3 Qe7 13. Qf3 h6 14. g4 O-O-O 15. a4 Bxe5 16. fxe5 Nh7 17. Bxh7 Rxh7 18. axb5 axb5 19. b3 f5 20. gxf5 exf5 21. Ba3 Qe6 22. Rf1 g6 23. Bd6 Nb6 24. Qf4 h5 25. Qg5 Rxd6 26. exd6 Qxd6 27. Rg3 Rg7 28. Rxf5 cxb3 29. Nxb3 Na4 30. Rf6 Qa3 31. Na5 Nxc3 32. Nxb7 Kxb7 33. Kg2 Qa2+ 34. Kh3 Ne4 35. Qh6 Rc7 36. Rgxg6 Nxf6 37. Rxf6 Qe2 38. Rb6+ Ka7 39. Ra6+ Kb7 40. Qb6+ Kc8 41. Qe6+ Kb7 42. Rb6+ Ka7 43. Rd6 Qf3+ 44. Kh4 Qf2+ 45. Kg5 Qg2+ 46. Kh4 Qxh2+ 47. Kg5 Qg3+ 48. Kf5 Qg4+ 49. Ke5 1-0


[Site "https://www.chess.com"]

[Event "Titled Tuesday Blitz August 1 Early 2023"]
[White "AndresDelgado77"]
[Black "Mishra, Manoj"]
[BlackFideId "5006007"]
[WhiteElo "2329"]
[BlackElo "2223"]
[Result "1-0"]
[Round "8"]
[TimeControl "180+1"]
[Date "2023.08.01"]
[WhiteClock "0:02:03"]
[BlackClock "0:01:33"]
[Board "177"]

1. e4 Nf6 2. e5 Nd5 3. d4 d6 4. Bc4 Nb6 5. Bb3 dxe5 6. Qh5 e6 7. dxe5 Nc6 8. Nf3 g6 9. Qg4 Bg7 10. Bg5 Qd7 11. Nbd2 Nxe5 12. Nxe5 Bxe5 13. O-O-O Qd4 14. Nc4 Qxd1+ 15. Rxd1 1-0


[Site "https://www.chess.com"]

[Event "Titled Tuesday Blitz August 1 Early 2023"]
[White "Yonal, Timur"]
[Black "Hrescak, Ivana"]
[WhiteFideId "44115725"]
[BlackFideId "14613441"]
[WhiteElo "2327"]
[BlackElo "2214"]
[Result "1-0"]
[Round "8"]
[TimeControl "180+1"]
[Date "2023.08.01"]
[WhiteClock "0:01:29"]
[BlackClock "0:00:28"]
[Board "178"]

1. e4 e5 2. Nf3 Nc6 3. Bb5 a6 4. Ba4 b5 5. Bb3 g6 6. O-O Bg7 7. c3 Nge7 8. Re1 O-O 9. d4 exd4 10. cxd4 d6 11. h3 Na5 12. Bc2 c5 13. dxc5 dxc5 14. Qxd8 Rxd8 15. Bg5 Ra7 16. Nc3 f6 17. Be3 Rc7 18. Bb3+ c4 19. Bb6 Nxb3 20. axb3 Rdd7 21. Bxc7 Rxc7 22. bxc4 Rxc4 23. Nd5 Nxd5 24. exd5 Kf7 25. d6 Bf8 26. Rad1 Bd7 27. g4 Rc6 28. g5 Rxd6 29. gxf6 Kxf6 30. Nd2 Kf7 31. Ne4 Rxd1 32. Rxd1 Bxh3 33. Ng5+ 1-0


[Site "https://www.chess.com"]

[Event "Titled Tuesday Blitz August 1 Early 2023"]
[White "Butti, Enrique"]
[Black "Gueci, Tea"]
[WhiteFideId "3700470"]
[BlackFideId "872342"]
[WhiteElo "2178"]
[BlackElo "2326"]
[Result "0-1"]
[Round "8"]
[TimeControl "180+1"]
[Date "2023.08.01"]
[WhiteClock "0:00:15"]
[BlackClock "0:00:18"]
[Board "179"]

1. d4 g6 2. Nf3 Bg7 3. e3 d6 4. Bd3 Nf6 5. Nbd2 Nbd7 6. O-O O-O 7. c3 e5 8. e4 Re8 9. Re1 Nf8 10. h3 h6 11. Nf1 g5 12. N3h2 Ng6 13. Ng4 c6 14. Be3 Nf4 15. dxe5 dxe5 16. Bxf4 exf4 17. Nfh2 Be6 18. Qc2 Nd7 19. f3 Nc5 20. Be2 Qb6 21. Nf2 a5 22. b3 h5 23. Rab1 Red8 24. Nf1 Qc7 25. Nd2 Qe5 26. Rbc1 a4 27. Bc4 axb3 28. axb3 b5 29. Bxe6 Qxe6 30. e5 Rxd2 31. Qxd2 Nxb3 32. Qd6 Nxc1 33. Rxc1 Bxe5 34. Qxe6 fxe6 35. Ne4 g4 36. hxg4 hxg4 37. fxg4 Ra2 38. Rd1 Rc2 39. Rd7 Bxc3 40. Ng5 e5 41. Nf7 Bd4+ 42. Kh2 f3 43. Nh6+ Kh8 44. Nf7+ Kg8 45. Nh6+ Kf8 46. Nf5 Rxg2+ 47. Kh3 Rd2 48. Kg3 f2 49. Nxd4 Rxd4 50. Rxd4 exd4 51. Kxf2 c5 52. Ke2 Kg7 53. Kd2 Kg6 54. Kd3 Kg5 55. Ke4 Kxg4 0-1


[Site "https://www.chess.com"]

[Event "Titled Tuesday Blitz August 1 Early 2023"]
[White "Fajdetic, Hrvoje"]
[Black "Mirzanurov, Bulat"]
[WhiteFideId "14501945"]
[BlackFideId "4184521"]
[WhiteElo "2316"]
[BlackElo "2173"]
[Result "0-1"]
[Round "8"]
[TimeControl "180+1"]
[Date "2023.08.01"]
[WhiteClock "0:00:07"]
[BlackClock "0:00:13"]
[Board "180"]

1. f4 d5 2. Nf3 Nf6 3. e3 Bg4 4. Be2 c5 5. b3 Nc6 6. Bb2 e6 7. O-O Bxf3 8. Bxf3 Bd6 9. d3 O-O 10. g3 Qe7 11. e4 dxe4 12. dxe4 e5 13. f5 Nd4 14. c3 Nxf3+ 15. Qxf3 c4 16. b4 a5 17. a3 axb4 18. axb4 Rxa1 19. Bxa1 Bc7 20. Nd2 b5 21. Kg2 Rd8 22. Rf2 Rd3 23. Qe2 Qd7 24. Nf1 Qc6 25. Nd2 Rxd2 26. Qxd2 Nxe4 27. Qc2 Nxf2+ 28. Kxf2 Bb6+ 29. Ke2 Qg2+ 30. Kd1 Qf1+ 31. Kd2 Qf2+ 32. Kc1 Be3+ 33. Kb2 Qxc2+ 34. Kxc2 g6 35. fxg6 hxg6 36. Bb2 f5 37. Kd1 Kf7 38. Ke2 Bh6 39. h3 Ke6 40. g4 Bf4 41. Kf3 Bg5 42. Ba3 e4+ 43. Kf2 Ke5 44. Bb2 Bh4+ 45. Kg2 Bg5 46. Kf2 e3+ 47. Kf3 Kd5 48. gxf5 gxf5 49. h4 Bxh4 50. Kxe3 Ke5 51. Kf3 Bg5 52. Ba3 Bd2 53. Bb2 Be1 54. Ke2 Bg3 55. Bc1 Bf4 56. Bb2 Ke4 57. Ba3 Bg5 58. Bb2 f4 59. Ba3 f3+ 60. Kf2 Be3+ 61. Kf1 Kd3 62. Bb2 Bd2 63. Kf2 Bxc3 64. Ba3 Bd4+ 65. Kxf3 c3 66. Kg2 c2 67. Kf1 Be3 68. Ke1 c1=Q+ 69. Bxc1 Bxc1 70. Kd1 Ba3 71. Ke1 Bxb4+ 72. Kd1 Bc3 73. Kc1 b4 74. Kb1 Kc4 75. Ka2 b3+ 76. Kb1 Kb4 77. Kc1 Ka3 78. Kb1 b2 79. Kc2 Ka2 0-1


[Site "https://www.chess.com"]

[Event "Titled Tuesday Blitz August 1 Early 2023"]
[White "LionKing2367890"]
[Black "Viskelis, Darius"]
[BlackFideId "12800830"]
[WhiteElo "2173"]
[BlackElo "2311"]
[Result "0-1"]
[Round "8"]
[TimeControl "180+1"]
[Date "2023.08.01"]
[WhiteClock "0:00:17"]
[BlackClock "0:00:11"]
[Board "181"]

1. e4 c5 2. Nf3 g6 3. d4 cxd4 4. Nxd4 Bg7 5. c4 Nc6 6. Be3 Nf6 7. Nc3 O-O 8. f3 d6 9. Be2 Nxd4 10. Bxd4 Be6 11. O-O Qa5 12. a3 Rfc8 13. b4 Qd8 14. Nd5 Nd7 15. Bxg7 Kxg7 16. Qd4+ f6 17. Rac1 a5 18. f4 axb4 19. axb4 Ra2 20. Bf3 Bf7 21. c5 dxc5 22. bxc5 e5 23. fxe5 Nxe5 24. Bd1 Rc6 25. Bb3 Ra3 26. Qb2 Ra5 27. Qc3 Raxc5 28. Qxc5 Rxc5 29. Rxc5 Bxd5 30. Rxd5 Qb6+ 31. Kh1 Qxb3 32. h3 Qc4 33. Rb1 Kh6 34. Rxb7 Qc1+ 35. Kh2 Qf4+ 36. Kh1 Qf1+ 37. Kh2 Qf2 38. Rb3 Qf4+ 39. Kh1 Qxe4 40. Rdb5 Kg7 41. Rb7+ Kh6 42. R7b5 Qe1+ 43. Kh2 Qd2 44. Rb7 Qd6 45. Kh1 g5 46. R7b6 Qd1+ 47. Kh2 Kg6 48. Rb8 h5 49. R8b6 Qd4 50. R6b4 Qd6 51. Kh1 g4 52. hxg4 hxg4 53. Rb6 Qd1+ 54. Kh2 Qd2 55. Kg3 Qe1+ 56. Kh2 Qh4+ 57. Kg1 g3 58. Kf1 Qd4 59. Rb2 Qd1# 0-1


[Site "https://www.chess.com"]

[Event "Titled Tuesday Blitz August 1 Early 2023"]
[White "Georg, Heinz"]
[Black "Vila Dupla, Aurelio"]
[WhiteFideId "4607295"]
[BlackFideId "2203383"]
[WhiteElo "2306"]
[BlackElo "2145"]
[Result "0-1"]
[Round "8"]
[TimeControl "180+1"]
[Date "2023.08.01"]
[WhiteClock "0:00:02"]
[BlackClock "0:00:32"]
[Board "182"]

1. e4 c5 2. Nf3 d6 3. Bb5+ Nd7 4. O-O a6 5. Bxd7+ Bxd7 6. c3 Nf6 7. Re1 Bc6 8. d4 cxd4 9. cxd4 Bxe4 10. Nc3 Bg6 11. Bg5 e6 12. Bxf6 gxf6 13. Nh4 Be7 14. d5 e5 15. f4 f5 16. Nxg6 hxg6 17. fxe5 dxe5 18. Rxe5 Kf8 19. Re2 Bc5+ 20. Kf1 Rxh2 21. g3 Rh1+ 22. Kg2 Rxd1 23. Rxd1 Qd6 24. a3 Kg7 25. b4 Ba7 26. Rd3 Rc8 27. Na4 b5 28. Nc3 Rc4 29. Nd1 Rd4 30. Red2 Qxd5+ 31. Kh2 Rxd3 0-1


[Site "https://www.chess.com"]

[Event "Titled Tuesday Blitz August 1 Early 2023"]
[White "Zaksaite, Salomeja"]
[Black "Feliz Dotel, Dewar Bienvenido"]
[WhiteFideId "12801496"]
[BlackFideId "6402801"]
[WhiteElo "2304"]
[BlackElo "2132"]
[Result "0-1"]
[Round "8"]
[TimeControl "180+1"]
[Date "2023.08.01"]
[WhiteClock "0:00:00"]
[BlackClock "0:00:02"]
[Board "183"]

1. e4 e5 2. Nf3 Nc6 3. Bb5 Nf6 4. d3 Ne7 5. Nxe5 c6 6. Ba4 Qa5+ 7. c3 Qxe5 8. O-O Ng6 9. f4 Qc7 10. f5 Ne5 11. d4 Nc4 12. e5 Nd5 13. Qe2 b5 14. Bc2 Ba6 15. b3 Ncb6 16. Bb2 O-O-O 17. Nd2 g6 18. a4 Rg8 19. axb5 Bxb5 20. c4 Nb4 21. Be4 Ba6 22. Rxa6 Nxa6 23. c5 Nxc5 24. dxc5 Bxc5+ 25. Kh1 d5 26. Bb1 Rge8 27. Nf3 d4 28. Rc1 Bb4 29. Be4 Nd5 30. Bxd4 gxf5 31. Qa6+ Qb7 32. Rxc6+ Kb8 33. Qxb7+ Kxb7 34. Bxd5 Rxd5 35. Rc4 Be7 36. Kg1 a6 37. Kf2 a5 38. Ke3 Bb4 39. Ng5 Red8 40. Nxf7 Rf8 41. e6 h6 42. Bg7 Rg8 43. Bxh6 Rxg2 0-1


[Site "https://www.chess.com"]

[Event "Titled Tuesday Blitz August 1 Early 2023"]
[White "Levitan, Caleb Levi"]
[Black "Winkels, Marcel"]
[WhiteFideId "14332620"]
[BlackFideId "1003887"]
[WhiteElo "2301"]
[BlackElo "2108"]
[Result "1-0"]
[Round "8"]
[TimeControl "180+1"]
[Date "2023.08.01"]
[WhiteClock "0:00:06"]
[BlackClock "0:00:00"]
[Board "184"]

1. e4 c5 2. Nf3 e6 3. d4 cxd4 4. Nxd4 Nc6 5. Nc3 Qc7 6. Nxc6 bxc6 7. Bd3 Nf6 8. O-O d5 9. f4 dxe4 10. Nxe4 Nxe4 11. Bxe4 Bc5+ 12. Kh1 O-O 13. Bxh7+ Kxh7 14. Qh5+ Kg8 15. Qxc5 Rb8 16. b3 Rb5 17. Qf2 Ba6 18. c4 Rbb8 19. Bb2 Rbd8 20. Qg3 f6 21. Rae1 Bc8 22. Rd1 Kf7 23. Rxd8 Rxd8 24. Qe3 Qd7 25. h3 a5 26. Bc3 Qc7 27. Qc5 Rd3 28. Bxa5 Qd7 29. Bb4 Qd8 30. Qxc6 Rd7 31. Qf3 Bb7 32. Qh5+ Kg8 33. Qg4 Qe8 34. Re1 Rd3 35. Qxe6+ Qxe6 36. Rxe6 Rxh3+ 37. Kg1 Rg3 38. Re8+ Kh7 39. Re2 Bf3 40. Rf2 Be4 41. c5 Bc6 42. Rd2 Re3 43. Kf2 Re6 44. Rd6 Rxd6 45. cxd6 Kg8 46. a4 Kf7 47. Ke3 Ke8 48. Kd4 Kd7 49. Kc5 Bxg2 50. Bc3 Bf1 51. b4 1-0


[Site "https://www.chess.com"]

[Event "Titled Tuesday Blitz August 1 Early 2023"]
[White "Xavier_mompel"]
[Black "Lohani, Sujana"]
[BlackFideId "12311987"]
[WhiteElo "2285"]
[BlackElo "1959"]
[Result "1-0"]
[Round "8"]
[TimeControl "180+1"]
[Date "2023.08.01"]
[WhiteClock "0:00:37"]
[BlackClock "0:00:00"]
[Board "185"]

1. e4 c6 2. d4 d5 3. e5 c5 4. Nf3 Nc6 5. c4 cxd4 6. Nxd4 dxc4 7. Nxc6 Qxd1+ 8. Kxd1 bxc6 9. Bxc4 e6 10. Nc3 Bc5 11. Ke2 Ne7 12. Ne4 Bb6 13. Nd6+ Kf8 14. Be3 Nd5 15. Bxb6 axb6 16. Rac1 Bd7 17. a3 Ke7 18. g3 g5 19. Rcf1 f5 20. f4 Rhg8 21. Bxd5 cxd5 22. Rhg1 g4 23. Rc1 Ra5 24. Rc7 Rc5 25. Rc1 Rxc1 26. Rxc1 Ra8 27. Rc7 Ra5 28. Rb7 Ra6 29. Rb8 Ra7 30. Rh8 Rc7 31. Rxh7+ Kd8 32. Kd2 Rc5 33. Nb7+ 1-0


[Site "https://www.chess.com"]

[Event "Titled Tuesday Blitz August 1 Early 2023"]
[White "Lehtosaari, Mauri"]
[Black "Gopal, K.N."]
[WhiteFideId "501999"]
[BlackFideId "5001447"]
[WhiteElo "2464"]
[BlackElo "2072"]
[Result "1-0"]
[Round "8"]
[TimeControl "180+1"]
[Date "2023.08.01"]
[WhiteClock "0:00:01"]
[BlackClock "0:00:00"]
[Board "186"]

1. d4 Nf6 2. Nf3 c5 3. e3 cxd4 4. exd4 d5 5. Bd3 Nc6 6. h3 Nb4 7. Bb5+ Bd7 8. Be2 Bf5 9. Bb5+ Nc6 10. c3 a6 11. Be2 h6 12. Bf4 e6 13. Nbd2 Bd6 14. Bxd6 Qxd6 15. a4 O-O 16. O-O Rac8 17. Re1 Rfe8 18. Bf1 Bh7 19. Ne5 Nd7 20. Ndf3 Ncxe5 21. Nxe5 Nxe5 22. Rxe5 Be4 23. Rh5 Qf4 24. g3 Qf3 25. Qxf3 Bxf3 26. Rh4 f5 27. Bg2 g5 28. Rxh6 Kg7 29. Rxe6 Rxe6 30. Bxf3 Rd8 31. Kf1 Kf6 32. Ra3 Rb6 33. Ra2 a5 34. Ke2 Ke6 35. Kd2 Rh8 36. Bg2 Kd6 37. Bf1 Re8 38. Bd3 f4 39. Be2 Re7 40. Bg4 Kc7 41. gxf4 gxf4 42. h4 Rg6 43. f3 Re3 44. Ra1 Rg7 45. Rh1 Rh7 46. h5 Kd6 47. Bf5 Rh6 48. Bg6 Rxf3 49. Ke2 Rg3 50. Kf2 Ke7 51. Re1+ Kf6 52. Re8 Rh3 53. Kg2 R3xh5 54. Bxh5 Rxh5 55. Ra8 Kf5 56. Rxa5 Ke4 57. Ra8 f3+ 58. Kg1 Ke3 59. Re8+ Kd3 60. Rf8 Rh3 61. Kf2 Rh2+ 62. Kxf3 Rxb2 63. Rc8 Ra2 64. Rc5 Rxa4 65. Rxd5 Kxc3 66. Rb5 Ra7 67. Rd5 1-0


[Site "https://www.chess.com"]

[Event "Titled Tuesday Blitz August 1 Early 2023"]
[White "le-castor-faineant"]
[Black "Krzywda, Andrzej"]
[BlackFideId "1114565"]
[WhiteElo "2186"]
[BlackElo "2378"]
[Result "1/2-1/2"]
[Round "8"]
[TimeControl "180+1"]
[Date "2023.08.01"]
[WhiteClock "0:00:06"]
[BlackClock "0:00:03"]
[Board "187"]

1. e4 e5 2. Nf3 Nf6 3. Nxe5 d6 4. Nf3 Nxe4 5. d4 d5 6. Bd3 Be7 7. O-O Bf5 8. c4 dxc4 9. Bxc4 O-O 10. Nc3 Nxc3 11. bxc3 h6 12. Qb3 Nc6 13. Qxb7 Na5 14. Qd5 Nxc4 15. Qxf5 Rb8 16. Bf4 Rb6 17. Qd3 Qd5 18. Bxc7 Rb2 19. Rfe1 Bf6 20. Ne5 Nxe5 21. Bxe5 Bxe5 22. Rxe5 Qb7 23. h3 Rc8 24. a4 Qc7 25. Rc5 Qb8 26. Rxc8+ Qxc8 27. d5 Qc5 28. Rf1 Qd6 29. c4 Rb4 30. a5 Qc5 31. d6 Qxc4 32. Qf3 Qc8 33. Rd1 Qd7 34. Qc3 Rb8 35. Qc5 Rd8 36. h4 g6 37. g3 h5 38. Kg2 Rc8 39. Qe5 Re8 40. Qd4 Re6 41. Kh2 Re8 42. f4 Rd8 43. Qd5 Rc8 44. Rd2 Rc1 45. Qa8+ Kg7 46. Qe4 Rc8 47. Qe5+ Kg8 48. Qd4 Rd8 49. Qe5 Re8 50. Qd5 Rd8 51. Rd4 Rc8 52. Kg2 Rc2+ 53. Rd2 Rc8 54. Rb2 Rd8 55. Rd2 Rc8 56. Kf3 Rc3+ 57. Kg2 Rc8 1/2-1/2


[Site "https://www.chess.com"]

[Event "Titled Tuesday Blitz August 1 Early 2023"]
[White "Goswami, Vedant"]
[Black "Levine, David"]
[WhiteFideId "5003725"]
[BlackFideId "2011611"]
[WhiteElo "2321"]
[BlackElo "2108"]
[Result "1/2-1/2"]
[Round "8"]
[TimeControl "180+1"]
[Date "2023.08.01"]
[WhiteClock "0:01:00"]
[BlackClock "0:01:11"]
[Board "188"]

1. b3 Nf6 2. Bb2 d5 3. Nf3 Bg4 4. Ne5 Bh5 5. h3 Nbd7 6. g4 Nxe5 7. Bxe5 Bg6 8. d3 e6 9. Nd2 a5 10. a4 Bb4 11. c3 Bd6 12. Nf3 Bxe5 13. Nxe5 Qd6 14. d4 Nd7 15. Nxd7 Qxd7 16. Bg2 h5 17. Qd2 hxg4 18. hxg4 Rxh1+ 19. Bxh1 Qd6 20. f4 O-O-O 21. Bf3 Rh8 22. Kf2 Be4 23. Qe3 Bxf3 24. Qxf3 Qe7 25. Rh1 Rxh1 26. Qxh1 Qf6 27. e3 Qg6 28. Qh5 Qc2+ 29. Kf3 Qd1+ 30. Kf2 Qd2+ 31. Kf3 Qd1+ 32. Kf2 Qd2+ 33. Kf3 Qd1+ 1/2-1/2


[Site "https://www.chess.com"]

[Event "Titled Tuesday Blitz August 1 Early 2023"]
[White "Lakshmi C"]
[Black "Mikhaylova, Irina"]
[WhiteFideId "25035347"]
[BlackFideId "4109040"]
[WhiteElo "2079"]
[BlackElo "2237"]
[Result "0-1"]
[Round "8"]
[TimeControl "180+1"]
[Date "2023.08.01"]
[WhiteClock "0:00:00"]
[BlackClock "0:01:53"]
[Board "189"]

1. e4 c5 2. Nf3 Nc6 3. d4 cxd4 4. Nxd4 e5 5. Nb5 d6 6. N1c3 a6 7. Na3 b5 8. Nd5 Nge7 9. Bg5 h6 10. Be3 Nxd5 11. Qxd5 Bb7 12. Qd2 Ne7 13. c4 Bxe4 14. cxb5 d5 15. bxa6 d4 16. Bb5+ Bc6 17. Rc1 Qd7 18. Bxc6 Nxc6 19. Qc2 Nb4 20. Qe4 Qd5 0-1


[Site "https://www.chess.com"]

[Event "Titled Tuesday Blitz August 1 Early 2023"]
[White "Skiadopoulos, Nikolaos"]
[Black "campochess"]
[WhiteFideId "4200772"]
[WhiteElo "1846"]
[BlackElo "2212"]
[Result "1-0"]
[Round "8"]
[TimeControl "180+1"]
[Date "2023.08.01"]
[WhiteClock "0:00:34"]
[BlackClock "0:00:18"]
[Board "190"]

1. b4 e6 2. Bb2 Nf6 3. a3 c5 4. bxc5 Bxc5 5. d4 Bb6 6. c4 d6 7. Nc3 Nc6 8. e3 e5 9. Nf3 exd4 10. exd4 O-O 11. Be2 Re8 12. O-O Bf5 13. Nd5 Nxd5 14. cxd5 Ne7 15. Bb5 Bd7 16. Qa4 Bxb5 17. Qxb5 Nf5 18. Rfe1 Re7 19. Rxe7 Qxe7 20. Re1 Qf8 21. g4 Nh6 22. h3 f6 23. Qd7 Qc8 24. Qxd6 Qc2 25. Bc1 Nf7 26. Qe6 h6 27. d6 Rd8 28. d7 Qc6 29. Qe8+ Kh7 30. Qxf7 Rxd7 31. Qb3 Ba5 32. Qd3+ Kh8 33. Re8# 1-0


[Site "https://www.chess.com"]

[Event "Titled Tuesday Blitz August 1 Early 2023"]
[White "Kuchava, Ana"]
[Black "Howell, David W L"]
[WhiteFideId "13605348"]
[BlackFideId "410608"]
[WhiteElo "2191"]
[BlackElo "3025"]
[Result "0-1"]
[Round "8"]
[TimeControl "180+1"]
[Date "2023.08.01"]
[WhiteClock "0:00:00"]
[BlackClock "0:00:23"]
[Board "191"]

1. d4 b5 2. e4 Bb7 3. Bd3 e6 4. Nf3 c5 5. c3 cxd4 6. cxd4 Nf6 7. Qe2 b4 8. O-O Be7 9. Bg5 h6 10. Bh4 a5 11. Nbd2 d5 12. e5 Nfd7 13. Bxe7 Qxe7 14. Rac1 O-O 15. h3 Nc6 16. Nb3 Rfc8 17. Bb5 a4 18. Nbd2 Nb6 19. Rfd1 Rc7 20. Qe3 Rac8 21. Nf1 Na5 22. Rxc7 Qxc7 23. Ng3 Qc2 24. Qd2 Qxd2 25. Rxd2 Rc1+ 26. Kh2 Nac4 27. Re2 Rb1 28. Ne1 Nxb2 29. Nc2 N2c4 30. Ne3 a3 31. Bxc4 dxc4 0-1


[Site "https://www.chess.com"]

[Event "Titled Tuesday Blitz August 1 Early 2023"]
[White "Filgueira, Hernan"]
[Black "Ramu, K."]
[WhiteFideId "101770"]
[BlackFideId "5006171"]
[WhiteElo "2575"]
[BlackElo "2172"]
[Result "0-1"]
[Round "8"]
[TimeControl "180+1"]
[Date "2023.08.01"]
[WhiteClock "0:01:04"]
[BlackClock "0:01:50"]
[Board "192"]

1. c4 Nf6 2. Nc3 g6 3. e4 d6 4. d4 Bg7 5. Be2 O-O 6. Bg5 c5 7. dxc5 dxc5 8. Qxd8 Rxd8 9. e5 Nfd7 10. Nd5 Na6 11. Nxe7+ Kf8 12. Nxg6+ hxg6 13. Bxd8 Bxe5 14. O-O-O b6 15. Bf3 Rb8 16. a3 b5 17. Bc6 bxc4 18. Bxd7 Bxb2+ 19. Kc2 Bb7 20. Bh3 Be4+ 21. Kd2 c3+ 22. Ke2 c2 23. Nf3 cxd1=Q+ 24. Rxd1 c4 25. Ng5 Bd3+ 26. Kf3 Rxd8 0-1


[Site "https://www.chess.com"]

[Event "Titled Tuesday Blitz August 1 Early 2023"]
[White "BeautiFullMindChess"]
[Black "Ionescu, Mihai"]
[BlackFideId "1202499"]
[WhiteElo "2159"]
[BlackElo "2379"]
[Result "1-0"]
[Round "8"]
[TimeControl "180+1"]
[Date "2023.08.01"]
[WhiteClock "0:00:13"]
[BlackClock "0:00:26"]
[Board "193"]

1. d4 Nf6 2. Nf3 b6 3. Bg5 d5 4. Nbd2 Bb7 5. e3 g6 6. Be2 Bg7 7. O-O O-O 8. h3 c5 9. c3 Nbd7 10. a4 Ne4 11. Bh4 h6 12. Nxe4 dxe4 13. Nd2 g5 14. Bg3 f5 15. Bc4+ Kh8 16. a5 bxa5 17. Nb3 e5 18. dxe5 Bxe5 19. Qh5 Qf6 20. Rad1 Rad8 21. Rxd7 Bxg3 22. Rxb7 Bd6 23. Rd1 f4 24. Rf7 Rxf7 25. Qxf7 Qe5 26. Rd5 Qe7 27. Qxe7 Bxe7 28. Rxd8+ Bxd8 29. Nxc5 1-0


[Site "https://www.chess.com"]